 Dungeon Sprint DCSS version 0.31-a0-18-gea43df2a32 (webtiles) character file.

Game seed: 6281661342190830199

1043 sircluck the Grappler (level 8, -13/89 HPs)
             Began as a Troll Berserker on May 10, 2023.
             Was a Priest of Trog.
             Mangled by a boulder beetle (42 damage)
             ... in the Dungeon (Sprint II: "The Violet Keep of Menkaure").
             The game lasted 00:00:40 (160 turns).

sircluck the Grappler (Troll Berserker)              Turns: 160, Time: 00:00:40

Health: -13/89     AC:  4    Str: 27    XL:     8   Next: 4%
Magic:  7/7        EV: 11    Int:  7    God:    Trog [***...]
Gold:   486        SH:  0    Dex:  8    Spells: 7/7 levels left

rFire   . .          .
                       - Unarmed
rCold   . . .        (no shield)
rNeg    . . .        a - +0 animal skin
rPois   .            (helmet restricted)
rElec   .            (no cloak)
rCorr   .            (gloves unavailable)
SInv    .            (boots unavailable)
Will    .....        (no amulet)
Stlth   +            (no ring)
HPRegen 1.14/turn    (no ring)
MPRegen 0.10/turn

%: no teleportation, random rage (3%)
@: no status effects
A: large, unfitting armour, claws 3, regeneration 1, shaggy fur 1, tough skin 1,
berserk 1, clever 1, no potion heal 1
a: Renounce Religion, Berserk, Trog's Hand


You were in the Dungeon.
You worshipped Trog.
Trog was most pleased with you.
You visited 1 branch You collected 486 gold pieces.

Inventory:

Armour
 a - a +0 animal skin (worn)
Scrolls
 g - a scroll of blinking
Potions
 b - a potion of curing
 c - a potion of heal wounds
 d - a potion of haste
 e - 2 potions of magic
 f - a potion of berserk rage


   Skills:
 + Level 8.5 Fighting
 + Level 8.8 Dodging
 + Level 11.4 Unarmed Combat


You had 7 spell levels left.
You didn't know any spells.
Your spell library was empty.

Dungeon Overview and Level Annotations

Branches:
Dungeon (1/1)

Altars:


Innate Abilities, Weirdness & Mutations

You are too large for most types of armour.
You have claws for hands.
Your natural rate of healing is unusually fast.
You are covered in fur. (AC +1)
You have tough skin. (AC +1)
You sometimes lose your temper in combat.
Your mind is acute. (Int +4, Str/Dex -1)
Potions are less effective at restoring your health.


Message History

Your Unarmed Combat skill increases to level 11!
You completely miss the necrophage. You mangle the necrophage!!
The necrophage is almost destroyed.
The necrophage hits you!
You feel drained. The necrophage closely misses you.
You claw the necrophage!
You destroy the necrophage!
Trog accepts your kill. The necrophage closely misses you.
Your life force feels restored.
You mangle the necrophage!!
The necrophage is severely damaged.
The necrophage hits you!
You claw the necrophage!
You destroy the necrophage!
Trog accepts your kill.
You have reached level 8!
Unknown command.
You now have 486 gold pieces (gained 243).
You see here a necrophage corpse.
There is an open door, spattered with blood here.
There is a staircase leading out of the dungeon here.
You open the door.
The boulder beetle leaps!
The boulder beetle bites you!
There is an open door, spattered with blood here.
You scratch the boulder beetle but do no damage.
You barely miss the boulder beetle. The boulder beetle bites you!
You mangle the boulder beetle!!
The boulder beetle is moderately wounded.
The boulder beetle bites you!!
You mangle the boulder beetle!!
The boulder beetle is severely wounded.
The boulder beetle leaps!
The boulder beetle curls into a ball and begins rolling!
The boulder beetle curls into a ball and begins rolling!
The boulder beetle hits you.
The boulder beetle stops rolling and uncurls.
There is an open door, spattered with blood here.
The boulder beetle hits you!!!
You die...

## ###
#.##..# ##
#...# ##
##.###'###.#
#..B##.##.#
#'@B.'#
#..$##.##.#
##.###'###.#
## #.††# ##
#..#..# ##.
.## ## ##


You could see 2 boulder beetles.

Vanquished Creatures
  2 wyverns (D)
  4 neqoxecs (D)
  4 necrophages (D)
10 creatures vanquished.

Notes
Turn   | Place    | Note
-------+----------+-------------------------------------------
     0 | D        | sircluck the Troll Berserker began the quest for the Orb.
     0 | D        | Reached XP level 1. HP: 22/22 MP: 0/0
     1 | D        | Noticed a neqoxec
     1 | D        | Noticed a neqoxec
     1 | D        | Noticed a neqoxec
     1 | D        | Noticed a neqoxec
     5 | D        | Gained mutation: Potions are less effective at restoring
                  | your health. [a neqoxec]
     6 | D        | Gained mutation: You sometimes lose your temper in combat.
                  | [a neqoxec]
     8 | D        | Killed a neqoxec
     8 | D        | Lost intelligence.
     9 | D        | Reached skill level 5 in Fighting
     9 | D        | Reached skill level 5 in Dodging
     9 | D        | Reached skill level 6 in Unarmed Combat
     9 | D        | Reached XP level 2. HP: 31/35 MP: 1/1
     9 | D        | Reached XP level 3. HP: 37/42 MP: 2/2
     9 | D        | Reached XP level 4. HP: 44/50 MP: 3/3
    17 | D        | Killed a neqoxec
    18 | D        | Reached skill level 8 in Unarmed Combat
    18 | D        | Reached XP level 5. HP: 51/61 MP: 4/4
    20 | D        | Gained mutation: Your mind is acute. (Int +4, Str/Dex -1)
                  | [a neqoxec]
    25 | D        | Killed a neqoxec
    25 | D        | Reached ** piety under Trog
    26 | D        | Reached skill level 9 in Unarmed Combat
    26 | D        | Reached XP level 6. HP: 15/71 MP: 5/5
    27 | D        | Killed a neqoxec
    70 | D        | Noticed a boulder beetle
    70 | D        | Noticed a boulder beetle
    74 | D        | Noticed a wyvern
    74 | D        | Noticed a wyvern
    77 | D        | Killed a wyvern
    78 | D        | Reached skill level 10 in Unarmed Combat
    78 | D        | Reached XP level 7. HP: 79/79 MP: 6/6
    82 | D        | Killed a wyvern
   138 | D        | Reached *** piety under Trog
   141 | D        | Reached skill level 11 in Unarmed Combat
   146 | D        | Reached XP level 8. HP: 59/89 MP: 7/7
   160 | D        | Mangled by a boulder beetle

Illustrated notes

Levels and vault maps discovered:
D:        the_violet_keep_of_menkaure [sprint2_stairs_cluster_1,
          sprint2_shoproom, sprint2_temple, sprint2_basic_supplies,
          sprint2_obstacle_6, sprint2_obstacle_5, sprint2_obstacle_7,
          sprint2_obstacle_1, sprint2_obstacle_3, sprint2_timed_cluster_1,
          sprint2_smallroom_cluster_1, sprint2_smallroom_final_cluster_1,
          sprint2_transparent_cluster_1, sprint2_second_timed_cluster_1,
          sprint2_sniper_area_1, sprint2_heavy_combat_area_1,
          sprint2_mutation_trap_area_1, sprint2_forest_area_1,
          sprint2_light_combat_area_1, sprint2_behind_water_1,
          sprint2_near_end_vault_1]

Skill      XL: |  1  2  3  4  5  6  7 |
---------------+----------------------+-----
Fighting       | 5 6 7 8 |  8.5
Dodging        | 5 6 7 8 |  8.8
Unarmed Combat | 6 8 9 10 11 | 11.4

Action                     |  1- 3 |  4- 6 |  7- 9 || total
---------------------------+-------+-------+-------++-------
  Melee: Unarmed           |     7 |    15 |    18 ||    40
         Punch             |       |     1 |       ||     1
 Invoke: Berserk           |       |     2 |       ||     2
 Armour: Animal skin       |       |     3 |     4 ||     7
  Dodge: Dodged            |     1 |     6 |     4 ||    11

Table legend: (Time is in decaauts)
 A = Elapsed time spent in this place.
 B = Non-inter-level travel time spent in this place.
 C = Inter-level travel time spent in this place.
 D = Time resting spent in this place.
 E = Time spent auto-exploring this place.
 F = Levels seen in this place.
 G = Mean time per level.
                   A        B        C        D        E       F      G
               +--------+--------+--------+--------+--------+-----+--------+
         Total |    180 |    180 |      0 |    111 |      1 |   1 |  180.0 |
       Dungeon |    180 |    180 |      0 |    111 |      1 |   1 |  180.0 |
               +--------+--------+--------+--------+--------+-----+--------+

Top non-repeatable levels by time:
       D: 180 daAuts
